 Dungeon Crawl Stone Soup version 0.22-a0-525-gf69a080 (webtiles) character file.

194 Amnesiac the Slasher (level 5, -1/27 HPs)
             Began as a Spriggan Fighter on June 20, 2018.
             Killed from afar by an orc wizard (8 damage)
             ... with a magic dart
             ... on level 4 of the Dungeon.
             The game lasted 00:04:41 (1848 turns).

Amnesiac the Slasher (Spriggan Fighter)             Turns: 1848, Time: 00:04:42

Health: -1/27      AC:  2    Str: 13    XL:     5   Next: 44%
Magic:  6/6        EV: 19    Int: 10    God:
Gold:   216        SH:  6    Dex: 15    Spells: 4/4 levels left

rFire    . . .     SeeInvis +   a - +0 long sword
rCold    . . .     Gourm    .   c - +0 buckler
rNeg     . . .     Faith    .   b - +0 robe
rPois    .         Spirit   .   (helmet restricted)
rElec    .         Reflect  .   (no cloak)
rCorr    .         Harm     .   (gloves unavailable)
MR       .....                  (boots unavailable)
Stlth    +.........             (no amulet)
HPRegen  0.09/turn              (no ring)
MPRegen  0.10/turn              (no ring)

@: very quick
A: very small, unfitting armour, see invisible, herbivore, speed 3, slow
metabolism 2
a: no special abilities


You were on level 4 of the Dungeon.
You were not hungry.

You visited 1 branch of the dungeon, and saw 5 of its levels.

You collected 216 gold pieces.

Inventory:

Hand Weapons
 a - a +0 long sword (weapon)
 k - a +0 hunting sling
Missiles
 h - 46 sling bullets
Armour
 b - a +0 robe (worn)
 c - a +0 buckler (worn)
 i - a +0 cloak
Jewellery
 m - an uncursed ring of wizardry {unknown}
Scrolls
 g - 3 scrolls of teleportation {!r, unknown}
 l - 2 scrolls of identify {!r, unknown}
 o - 2 scrolls of fear {!r, unknown}
 q - a scroll of remove curse {!r, unknown}
 r - a scroll of amnesia {!r, unknown}
Potions
 d - a potion of might {!q}
 e - a potion of agility {!q, unknown}
 j - a potion of invisibility {!q, unknown}
 n - 2 potions of lignification {!q, unknown}
 p - a potion of curing {!q, unknown}
Comestibles
 f - 6 rations


   Skills:
 - Level 2.4 Fighting
 + Level 4.8 Long Blades
 - Level 4.4 Dodging
 - Level 2.1 Shields


You had 4 spell levels left.
You didn't know any spells.
Your spell library was empty.

Dungeon Overview and Level Annotations

Branches:
Dungeon (5/15)
 Temple: D:4-7

Altars:

Annotations:
D:5 Gildeon's ghost, amateur OpFi


Innate Abilities, Weirdness & Mutations

You are very small and have problems with some larger weapons.
You are too small for most types of armour.
You have supernaturally acute eyesight. (SInv)
You are a herbivore.
You cover ground extremely quickly.
You need to consume almost no food.


Message History

You hit the orc.
The orc is lightly wounded.
You hit the orc but do no damage.
The orc is lightly wounded.
The orc hits you with a dagger.
You closely miss the orc.
The orc is lightly wounded.
The orc misses you.
You hit the orc but do no damage.
The orc is lightly wounded.
The orc completely misses you.
The orc wizard shouts!
You hit the orc.
The orc is severely wounded.
The orc misses you. x2
You see here 19 stones.
There is an open door here.
There is an open door here.
Found 6 gold pieces.
You now have 216 gold pieces (gained 6).
The orc wizard gestures wildly while chanting.
The orc wizard seems to speed up.
The orc wizard is too close now for your liking.
Unknown command.
An orc is nearby!
The orc hits you with a dagger.
You hit the orc.
The orc is almost dead.
The orc misses you.
You hit the orc.
You kill the orc!
You hit the orc wizard.
The orc wizard is lightly wounded.
You block the orc wizard's attack. x2
You closely miss the orc wizard.
The orc wizard is lightly wounded.
The orc wizard completely misses you.
You riposte.
You barely miss the orc wizard.
The orc wizard is lightly wounded.
You hit the orc wizard but do no damage.
The orc wizard is lightly wounded.
The orc wizard barely misses you. The orc wizard hits you with a dagger.
You closely miss the orc wizard.
The orc wizard is lightly wounded.
The orc wizard misses you.
You riposte.
You barely miss the orc wizard.
The orc wizard is lightly wounded.
The orc wizard barely misses you.
You hit the orc wizard.
The orc wizard is moderately wounded.
The orc wizard misses you.
The orc wizard points at you and mumbles some strange words.
The magic dart hits you!
You closely miss the orc wizard.
The orc wizard is moderately wounded.
The orc wizard misses you. The orc wizard casts a spell at you.
The puff of flame hits you!
* * * LOW HITPOINT WARNING * * *
You barely miss the orc wizard.
The orc wizard is moderately wounded.
You block the orc wizard's attack.
The orc wizard points at you and mumbles some strange words.
The magic dart hits you!
You die...

#.o..####)..o.....#
#.#.## ##.......##
##.### ##.....## #..#
##o..## #.## ##'## #.#
#.# #.# #.# ###.######
##.#####
#...o@...######......#
#.#.###)#............#
#.#.###...#####......#
#.#.##.....# #..##...
#.#.......## #.####.#
#........## #.####.#
########## #......#
########


You could see an orc wizard.

Vanquished Creatures
  A howler monkey (D:3)
  A bullfrog zombie (D:5)
  An orc priest (D:4)
  A centaur skeleton (D:4)
  A worker ant (D:4)
  A worm (D:3)
  2 dart slugs
  3 leopard geckos
  An orc (D:4)
  5 giant cockroaches
  2 goblins
  3 hobgoblins
  6 jackals
  A quokka (D:3)
  3 ball pythons
  4 bats
  A kobold (D:3)
  2 rats (D:3)
39 creatures vanquished.

Notes
Turn   | Place    | Note
-------+----------+-------------------------------------------
     0 | D:1      | Amnesiac the Spriggan Fighter began the quest for the Orb.
     0 | D:1      | Reached XP level 1. HP: 11/11 MP: 2/2
   134 | D:2      | Reached XP level 2. HP: 16/16 MP: 3/3
   193 | D:3      | Noticed a howler monkey
   321 | D:3      | Reached XP level 3. HP: 11/19 MP: 4/4
   339 | D:3      | Reached XP level 4. HP: 15/23 MP: 5/5
   874 | D:5      | Entered Level 5 of the Dungeon
  1032 | D:5      | Found a transporter.
  1034 | D:5      | Found a transporter.
  1035 | D:5      | Noticed Gildeon's ghost (amateur OpFi)
  1079 | D:5      | Reached XP level 5. HP: 17/27 MP: 6/6
  1265 | D:4      | Noticed an ogre
  1848 | D:4      | Killed from afar by an orc wizard

Vault maps used:
D:1:      dpeg_arrival_connections, lemuel_flame_loot_1
D:3:      uniq_grinder
D:5:      gammafunk_ghost_mausoleum, first_ration, uniq_ijyb

Skill      XL: |  1  2  3  4 |
---------------+-------------+-----
Long Blades    | 2 3 4 |  4.8
Fighting       | |  2.4
Dodging        | |  4.4
Shields        | |  2.1

Action                   |  1- 3 |  4- 6 || total
-------------------------+-------+-------++-------
Melee: Long sword        |    59 |    80 ||   139
 Stab: Sleeping          |       |     2 ||     2
Armor: Robe              |    10 |     4 ||    14
Dodge: Dodged            |    65 |    58 ||   123
Block: Buckler           |    24 |    28 ||    52
       Rpst.: Long sword |    24 |    17 ||    41

Table legend:
 A = Spawn XP
 B = Non-spawn XP
 C = Spawn XP percentage of total XP
 D = Spawn monster count
 E = Non-spawn monster count
 F = Spawn count percentage of total count
 G = Total turns spent on level
                    A         B        C        D         E        F      G
               +---------+---------+-------+---------+---------+-------+---------
         Total |       0 |     278 |   0.0 |       0 |      39 |   0.0 |  1848
               +---------+---------+-------+---------+---------+-------+---------
           D:1 |       0 |       4 |   0.0 |       0 |       2 |   0.0 |    58
           D:2 |       0 |      15 |   0.0 |       0 |       7 |   0.0 |   135
           D:3 |       0 |      87 |   0.0 |       0 |      20 |   0.0 |   350
           D:4 |       0 |     124 |   0.0 |       0 |       8 |   0.0 |  1069
           D:5 |       0 |      48 |   0.0 |       0 |       2 |   0.0 |   236
               +---------+---------+-------+---------+---------+-------+---------
